[ AOE2 MATCH · #484528294 ]
UnrankedKhmer vs Wu
[ REPLAY ANALYSIS · EXTRACTED FROM THE RECORDED GAME ]
Feudal
—
Castle
—
Imperial
—
| APM avg | 19.1 |
| APM peak | 53 |
| eAPM avg | 8.1 |
| Villagers / military | 30 / 2 |
Focus
⚔️ 6.9% · 🌾 93.1%
Scout Cavalry ×2
Feudal
11:05
Castle
—
Imperial
—
| APM avg | 11.6 |
| APM peak | 29 |
| eAPM avg | 5.5 |
| Villagers / military | 31 / 0 |
Focus
⚔️ 1.1% · 🌾 98.9%
Feudal
—
Castle
—
Imperial
—
| APM avg | 8.8 |
| APM peak | 25 |
| eAPM avg | 5.3 |
| Villagers / military | 49 / 0 |
Focus
⚔️ 4.5% · 🌾 95.5%
Feudal
13:56
Castle
—
Imperial
—
| APM avg | 23.8 |
| APM peak | 57 |
| eAPM avg | 12.0 |
| Villagers / military | 85 / 0 |
Focus
⚔️ 14.9% · 🌾 85.1%
Feudal
14:54
Castle
—
Imperial
—
| APM avg | 9.4 |
| APM peak | 18 |
| eAPM avg | 6.6 |
| Villagers / military | 37 / 0 |
Focus
⚔️ 1.0% · 🌾 99.0%
Feudal
14:40
Castle
—
Imperial
—
| APM avg | 19.2 |
| APM peak | 49 |
| eAPM avg | 7.6 |
| Villagers / military | 40 / 0 |
Focus
⚔️ 2.6% · 🌾 97.4%
Feudal
11:48
Castle
15:18
Imperial
—
| APM avg | 37.1 |
| APM peak | 102 |
| eAPM avg | 18.5 |
| Villagers / military | 33 / 0 |
Focus
⚔️ 25.8% · 🌾 74.2%
Unknown (2550) ×8 · Fishing Ship ×6
Feudal
10:43
Castle
—
Imperial
—
| APM avg | 42.6 |
| APM peak | 76 |
| eAPM avg | 13.8 |
| Villagers / military | 45 / 8 |
Focus
⚔️ 13.2% · 🌾 86.8%
Scout Cavalry ×7 · Fishing Ship ×3 · Demolition Raft ×1
Match map
Initial resources + every placement click. Lines = walls · curves = elevation contours. ◆ gold · ⬟ stone · ● berries · ✦ relic · ◌ wall gap
Your base· Open — unwalled flank
ForzaGT87's base· Open — unwalled flank
wolfinthewoods's base· Open — unwalled flank
nachovigo5's base· ✓ Closed at 12:00 · 111t walls · no gate
Cpl.Psnype.ANZACS.NZ's base· Open — 13t gap
聖君阿耀's base· Open — 11t gap
Yanny's base· Open — unwalled flank
xxxx's base· Open — unwalled flank
Smoothed initial terrain · ◌ = detected wall gap · hover for details
Inputs per minute
— OL Archemix - - ForzaGT87
Build order — OL Archemix
76 actions detected in the replay
| 0:02 | Queue | Villager (Male) |
| 0:02 | Queue | Villager (Male) |
| 0:02 | Queue | Villager (Male) |
| 0:03 | Queue | Villager (Male) |
| 0:03 | Queue | Villager (Male) |
| 0:08 | Build | House |
| 0:55 | Build | House |
| 0:57 | Build | House |
| 1:16 | Build | House |
| 1:18 | Build | House |
| 1:19 | Build | House |
| 1:22 | Build | House |
| 1:23 | Build | House |
| 1:41 | Queue | Villager (Male) |
| 2:06 | Queue | Villager (Male) |
| 2:40 | Queue | Villager (Male) |
| 2:58 | Queue | Villager (Male) |
| 3:21 | Queue | Villager (Male) |
| 4:07 | Queue | Villager (Male) |
| 4:07 | Queue | Villager (Male) |
| 4:07 | Queue | Villager (Male) |
| 4:46 | Queue | Villager (Male) |
| 5:43 | Build | Lumber Camp |
| 5:48 | Queue | Villager (Male) |
| 5:48 | Queue | Villager (Male) |
| 5:58 | Queue | Villager (Male) |
| 6:45 | Queue | Villager (Male) |
| 7:33 | Research | Loom |
| 7:59 | Queue | Villager (Male) |
| 8:00 | Queue | Villager (Male) |
| 8:34 | Build | House |
| 8:36 | Build | House |
| 8:51 | Build | House |
| 8:55 | Build | House |
| 9:01 | Queue | Villager (Male) |
| 9:01 | Queue | Villager (Male) |
| 9:34 | Build | Palisade Gate |
| 9:39 | Build | House |
| 9:40 | Build | House |
| 9:42 | Build | House |
| 9:43 | Build | House |
| 9:46 | Build | House |
| 9:47 | Build | House |
| 9:49 | Build | House |
| 9:52 | Build | House |
| 9:53 | Build | House |
| 9:56 | Build | House |
| 10:07 | Research | Feudal Age |
| 10:41 | Build | Mining Camp |
| 10:54 | Build | House |
| 11:07 | Build | Mining Camp |
| 11:28 | Build | House |
| 11:42 | Build | House |
| 11:49 | Build | Palisade Wall |
| 12:37 | Build | Stable |
| 12:49 | Queue | Villager (Male) |
| 12:49 | Queue | Villager (Male) |
| 12:50 | Queue | Villager (Male) |
| 13:11 | Build | Blacksmith |
| 13:19 | Build | Farm |
| 13:23 | Queue | Villager (Male) |
| 13:42 | Build | Farm |
| 14:12 | Queue | Villager (Male) |
| 14:15 | Build | Farm |
| 14:30 | Queue | Scout Cavalry |
| 14:47 | Build | Farm |
| 14:53 | Queue | Villager (Male) |
| 15:29 | Build | House |
| 15:40 | Queue | Scout Cavalry |
| 15:53 | Build | Farm |
| 15:58 | Build | Farm |
| 16:00 | Build | Farm |
| 16:08 | Build | Farm |
| 16:51 | Queue | Villager (Male) |
| 16:51 | Queue | Villager (Male) |
| 16:58 | Build | Farm |
Build order — ForzaGT87
54 actions detected in the replay
| 0:03 | Research | Loom |
| 0:04 | Queue | Villager (Male) |
| 0:04 | Queue | Villager (Male) |
| 0:05 | Queue | Villager (Male) |
| 0:05 | Queue | Villager (Male) |
| 0:05 | Queue | Villager (Male) |
| 0:31 | Build | House |
| 0:32 | Build | House |
| 1:17 | Build | House |
| 2:18 | Queue | Villager (Male) |
| 2:29 | Queue | Villager (Male) |
| 2:55 | Queue | Villager (Male) |
| 3:26 | Queue | Villager (Male) |
| 3:27 | Queue | Villager (Male) |
| 3:48 | Queue | Villager (Male) |
| 3:48 | Queue | Villager (Male) |
| 4:11 | Queue | Villager (Male) |
| 4:40 | Queue | Villager (Male) |
| 4:41 | Queue | Villager (Male) |
| 5:20 | Build | Lumber Camp |
| 5:29 | Queue | Villager (Male) |
| 5:30 | Queue | Villager (Male) |
| 5:30 | Queue | Villager (Male) |
| 5:48 | Queue | Villager (Male) |
| 5:48 | Queue | Villager (Male) |
| 6:19 | Build | House |
| 6:21 | Build | House |
| 6:22 | Build | House |
| 6:30 | Queue | Villager (Male) |
| 8:03 | Build | Mining Camp |
| 8:55 | Research | Feudal Age |
| 10:31 | Queue | Villager (Male) |
| 10:32 | Queue | Villager (Male) |
| 11:05 | Age | Feudal Age |
| 11:14 | Research | Town Watch |
| 11:16 | Queue | Villager (Male) |
| 11:16 | Queue | Villager (Male) |
| 11:22 | Research | Double-Bit Axe |
| 11:38 | Build | Mill |
| 13:22 | Research | Stone Mining |
| 13:24 | Research | Gold Mining |
| 13:40 | Queue | Villager (Male) |
| 13:40 | Queue | Villager (Male) |
| 13:41 | Queue | Villager (Male) |
| 14:37 | Build | House |
| 14:38 | Build | House |
| 14:39 | Build | House |
| 14:40 | Build | House |
| 15:27 | Queue | Villager (Male) |
| 15:27 | Queue | Villager (Male) |
| 15:27 | Queue | Villager (Male) |
| 16:11 | Build | Barracks |
| 17:07 | Research | Horse Collar |
| 17:43 | Build | Blacksmith |
Build order — wolfinthewoods
63 actions detected in the replay
| 1:31 | Queue | Villager (Male) |
| 1:31 | Queue | Villager (Male) |
| 1:31 | Queue | Villager (Male) |
| 1:31 | Queue | Villager (Male) |
| 1:32 | Queue | Villager (Male) |
| 1:32 | Queue | Villager (Male) |
| 2:57 | Queue | Villager (Male) |
| 2:58 | Queue | Villager (Male) |
| 3:08 | Queue | Villager (Male) |
| 3:27 | Build | House |
| 3:29 | Build | House |
| 3:32 | Build | House |
| 3:51 | Queue | Villager (Male) |
| 4:27 | Queue | Villager (Male) |
| 5:12 | Queue | Villager (Male) |
| 5:12 | Queue | Villager (Male) |
| 6:15 | Build | Mill |
| 6:25 | Queue | Villager (Male) |
| 6:25 | Queue | Villager (Male) |
| 6:25 | Queue | Villager (Male) |
| 6:25 | Queue | Villager (Male) |
| 6:42 | Queue | Villager (Male) |
| 8:12 | Queue | Villager (Male) |
| 8:12 | Queue | Villager (Male) |
| 8:16 | Queue | Villager (Male) |
| 10:36 | Queue | Villager (Male) |
| 10:36 | Queue | Villager (Male) |
| 10:36 | Queue | Villager (Male) |
| 10:37 | Queue | Villager (Male) |
| 10:38 | Queue | Villager (Male) |
| 10:38 | Queue | Villager (Male) |
| 10:38 | Queue | Villager (Male) |
| 10:39 | Queue | Villager (Male) |
| 10:50 | Build | House |
| 10:54 | Build | House |
| 10:55 | Build | House |
| 11:21 | Queue | Villager (Male) |
| 11:21 | Queue | Villager (Male) |
| 11:24 | Queue | Villager (Male) |
| 11:24 | Queue | Villager (Male) |
| 11:27 | Queue | Villager (Male) |
| 11:28 | Queue | Villager (Male) |
| 11:30 | Queue | Villager (Male) |
| 12:36 | Build | Mining Camp |
| 13:19 | Queue | Villager (Male) ×5 |
| 14:19 | Build | Lumber Camp |
| 14:58 | Queue | Villager (Male) ×4 |
| 15:50 | Build | Barracks |
| 16:12 | Build | House |
| 16:15 | Build | House |
| 16:16 | Build | House |
| 16:16 | Build | House |
| 16:24 | Queue | Villager (Male) |
| 16:24 | Queue | Villager (Male) |
| 16:25 | Queue | Villager (Male) |
| 16:25 | Queue | Villager (Male) |
| 16:56 | Research | Feudal Age |
| 17:15 | Build | Farm |
| 17:16 | Build | Farm |
| 17:18 | Build | Farm |
| 17:20 | Build | Farm |
| 17:22 | Build | Farm |
| 17:27 | Build | Farm |
Build order — nachovigo5
98 actions detected in the replay
| 0:03 | Queue | Villager (Male) |
| 0:03 | Queue | Villager (Male) |
| 0:03 | Queue | Villager (Male) |
| 0:20 | Queue | Villager (Male) |
| 0:20 | Queue | Villager (Male) |
| 0:58 | Build | House |
| 1:04 | Build | House |
| 1:20 | Queue | Villager (Male) |
| 1:57 | Queue | Villager (Male) |
| 2:59 | Queue | Villager (Male) |
| 3:00 | Queue | Villager (Male) |
| 3:00 | Queue | Villager (Male) |
| 3:00 | Queue | Villager (Male) |
| 3:00 | Queue | Villager (Male) |
| 3:52 | Queue | Villager (Male) |
| 3:52 | Queue | Villager (Male) |
| 3:53 | Queue | Villager (Male) |
| 3:53 | Queue | Villager (Male) |
| 4:14 | Build | Palisade Wall |
| 4:30 | Queue | Villager (Male) |
| 4:30 | Queue | Villager (Male) |
| 4:31 | Queue | Villager (Male) |
| 4:31 | Queue | Villager (Male) |
| 4:59 | Queue | Villager (Male) |
| 4:59 | Queue | Villager (Male) |
| 5:00 | Queue | Villager (Male) |
| 5:15 | Build | Lumber Camp |
| 5:34 | Build | Palisade Wall |
| 5:40 | Build | House |
| 5:52 | Queue | Villager (Male) |
| 5:52 | Queue | Villager (Male) |
| 5:52 | Queue | Villager (Male) |
| 5:53 | Queue | Villager (Male) |
| 6:04 | Build | House |
| 6:28 | Build | Palisade Wall |
| 6:28 | Build | Palisade Wall |
| 6:29 | Build | Palisade Wall |
| 6:30 | Build | Palisade Wall |
| 6:31 | Build | Palisade Wall |
| 7:11 | Queue | Villager (Male) |
| 7:11 | Queue | Villager (Male) |
| 7:11 | Queue | Villager (Male) |
| 7:34 | Build | Palisade Wall |
| 7:49 | Build | Mining Camp |
| 8:30 | Queue | Villager (Male) |
| 8:30 | Queue | Villager (Male) |
| 9:07 | Build | Palisade Wall |
| 9:10 | Build | Palisade Wall |
| 9:20 | Queue | Villager (Male) |
| 9:21 | Queue | Villager (Male) |
| 10:25 | Queue | Villager (Male) |
| 10:25 | Queue | Villager (Male) |
| 10:40 | Build | Barracks |
| 11:46 | Research | Feudal Age |
| 11:46 | Research | Feudal Age |
| 11:47 | Research | Feudal Age |
| 12:31 | Build | Mill |
| 13:06 | Build | Farm |
| 13:07 | Build | Farm |
| 13:08 | Build | Farm |
| 13:09 | Build | Farm |
| 13:11 | Build | Farm |
| 13:49 | Build | House |
| 13:51 | Build | House |
| 13:52 | Build | House |
| 13:55 | Build | House |
| 13:56 | Age | Feudal Age |
| 14:00 | Build | Town Center |
| 14:03 | Research | Double-Bit Axe |
| 14:30 | Research | Wheelbarrow |
| 15:04 | Queue | Villager (Male) |
| 15:04 | Queue | Villager (Male) |
| 15:42 | Queue | Villager (Male) ×5 |
| 15:42 | Queue | Villager (Male) ×5 |
| 15:43 | Queue | Villager (Male) ×5 |
| 15:53 | Build | House |
| 16:12 | Build | Farm |
| 16:13 | Build | Farm |
| 16:15 | Build | Farm |
| 16:17 | Build | Farm |
| 16:25 | Build | House |
| 16:26 | Build | House |
| 16:27 | Build | House |
| 16:30 | Build | House |
| 16:35 | Build | House |
| 16:40 | Queue | Villager (Male) ×4 |
| 16:40 | Queue | Villager (Male) ×4 |
| 16:40 | Queue | Villager (Male) ×4 |
| 16:46 | Research | Horse Collar |
| 17:15 | Build | Mining Camp |
| 17:17 | Queue | Villager (Male) ×4 |
| 17:17 | Queue | Villager (Male) ×4 |
| 17:26 | Build | Farm |
| 17:30 | Build | Farm |
| 17:36 | Build | Farm |
| 17:40 | Queue | Villager (Male) ×4 |
| 17:41 | Queue | Villager (Male) ×4 |
| 17:41 | Queue | Villager (Male) ×4 |
Build order — Cpl.Psnype.ANZACS.NZ
57 actions detected in the replay
| 0:02 | Queue | Villager (Male) ×4 |
| 0:02 | Queue | Villager (Male) ×4 |
| 0:04 | Build | House |
| 0:06 | Build | House |
| 1:26 | Queue | Villager (Male) |
| 1:59 | Queue | Villager (Male) |
| 2:30 | Queue | Villager (Male) |
| 2:32 | Queue | Villager (Male) |
| 3:01 | Queue | Villager (Male) |
| 3:05 | Build | House |
| 3:10 | Build | House |
| 3:23 | Queue | Villager (Male) |
| 4:03 | Queue | Villager (Male) |
| 4:15 | Queue | Villager (Male) |
| 4:48 | Queue | Villager (Male) |
| 4:53 | Build | Lumber Camp |
| 5:12 | Queue | Villager (Male) |
| 5:25 | Queue | Villager (Male) |
| 5:47 | Queue | Villager (Male) |
| 6:11 | Queue | Villager (Male) |
| 6:47 | Build | Mining Camp |
| 6:49 | Build | House |
| 6:51 | Build | House |
| 6:53 | Build | House |
| 7:11 | Queue | Villager (Male) |
| 8:25 | Queue | Villager (Male) |
| 8:27 | Queue | Villager (Male) |
| 9:07 | Queue | Villager (Male) |
| 9:39 | Queue | Villager (Male) |
| 9:59 | Build | Mill |
| 10:14 | Queue | Villager (Male) |
| 10:15 | Queue | Villager (Male) |
| 10:15 | Queue | Villager (Male) |
| 10:15 | Queue | Villager (Male) |
| 10:44 | Build | Mining Camp |
| 11:10 | Queue | Villager (Male) |
| 11:54 | Queue | Villager (Male) |
| 12:28 | Research | Feudal Age |
| 13:13 | Queue | Villager (Male) |
| 13:14 | Queue | Villager (Male) |
| 14:54 | Age | Feudal Age |
| 15:17 | Build | Market |
| 15:23 | Build | Blacksmith |
| 15:34 | Queue | Villager (Male) |
| 15:48 | Build | Lumber Camp |
| 16:11 | Build | Mining Camp |
| 16:33 | Research | Castle Age |
| 16:37 | Build | Farm |
| 16:37 | Build | Farm |
| 16:37 | Build | Farm |
| 16:38 | Build | Farm |
| 16:38 | Build | Farm |
| 16:38 | Build | Farm |
| 16:39 | Build | Farm |
| 16:40 | Build | Farm |
| 17:08 | Queue | Villager (Male) |
| 17:09 | Queue | Villager (Male) |
Build order — 聖君阿耀
73 actions detected in the replay
| 0:04 | Build | House |
| 0:06 | Build | House |
| 0:06 | Build | House |
| 0:23 | Research | Loom |
| 0:24 | Queue | Villager (Male) |
| 0:24 | Queue | Villager (Male) |
| 0:24 | Queue | Villager (Male) |
| 0:24 | Queue | Villager (Male) |
| 0:24 | Queue | Villager (Male) |
| 2:04 | Queue | Villager (Male) |
| 2:45 | Build | Mill |
| 2:53 | Queue | Villager (Male) |
| 2:54 | Queue | Villager (Male) |
| 3:10 | Queue | Villager (Male) |
| 3:52 | Queue | Villager (Male) |
| 4:35 | Queue | Villager (Male) |
| 4:35 | Queue | Villager (Male) |
| 4:35 | Queue | Villager (Male) |
| 5:02 | Queue | Villager (Male) |
| 5:03 | Queue | Villager (Male) |
| 5:03 | Queue | Villager (Male) |
| 5:26 | Queue | Villager (Male) |
| 5:27 | Queue | Villager (Male) |
| 5:44 | Build | Lumber Camp |
| 5:51 | Queue | Villager (Male) |
| 6:01 | Queue | Villager (Male) |
| 6:20 | Queue | Villager (Male) |
| 6:21 | Queue | Villager (Male) |
| 6:21 | Queue | Villager (Male) |
| 6:21 | Queue | Villager (Male) |
| 6:28 | Build | House |
| 6:35 | Build | House |
| 6:42 | Queue | Villager (Male) |
| 6:42 | Queue | Villager (Male) |
| 6:43 | Queue | Villager (Male) |
| 7:09 | Queue | Villager (Male) |
| 7:10 | Queue | Villager (Male) |
| 7:26 | Queue | Villager (Male) |
| 7:27 | Queue | Villager (Male) |
| 7:27 | Queue | Villager (Male) |
| 7:27 | Queue | Villager (Male) |
| 8:11 | Queue | Villager (Male) |
| 8:20 | Build | Mill |
| 8:48 | Build | Mining Camp |
| 9:14 | Queue | Villager (Male) |
| 9:19 | Queue | Villager (Male) |
| 9:40 | Build | Mining Camp |
| 10:30 | Research | Feudal Age |
| 11:53 | Build | Barracks |
| 11:56 | Build | House |
| 12:35 | Build | Farm |
| 13:04 | Build | Farm |
| 13:05 | Build | Farm |
| 13:07 | Build | Farm |
| 13:12 | Build | Farm |
| 14:33 | Build | Farm |
| 14:34 | Build | Farm |
| 14:35 | Build | Farm |
| 14:40 | Age | Feudal Age |
| 14:46 | Research | Wheelbarrow |
| 14:52 | Build | Stable |
| 14:55 | Build | Blacksmith |
| 15:03 | Research | Double-Bit Axe |
| 15:39 | Research | Horse Collar |
| 16:00 | Build | House |
| 16:00 | Build | House |
| 16:01 | Build | House |
| 16:16 | Research | Castle Age |
| 16:28 | Research | Fletching |
| 17:37 | Queue | Villager (Male) |
| 17:38 | Queue | Villager (Male) |
| 17:38 | Queue | Villager (Male) |
| 17:38 | Queue | Villager (Male) |
Build order — Yanny
75 actions detected in the replay
| 0:01 | Queue | Villager (Male) |
| 0:01 | Queue | Villager (Male) |
| 0:03 | Build | House |
| 0:04 | Build | House |
| 0:20 | Queue | Villager (Male) |
| 0:20 | Queue | Villager (Male) |
| 0:20 | Queue | Villager (Male) |
| 1:31 | Queue | Villager (Male) |
| 1:31 | Queue | Villager (Male) |
| 1:32 | Queue | Villager (Male) |
| 1:57 | Queue | Villager (Male) |
| 1:57 | Queue | Villager (Male) |
| 1:57 | Queue | Villager (Male) |
| 2:30 | Queue | Villager (Male) |
| 2:48 | Queue | Villager (Male) |
| 3:18 | Queue | Villager (Male) |
| 3:44 | Queue | Villager (Male) |
| 3:44 | Queue | Villager (Male) |
| 4:12 | Queue | Villager (Male) |
| 4:18 | Build | Settlement |
| 4:24 | Build | Settlement |
| 4:36 | Queue | Villager (Male) |
| 4:57 | Queue | Villager (Male) |
| 5:24 | Queue | Villager (Male) |
| 5:49 | Queue | Villager (Male) |
| 6:15 | Build | Dock |
| 6:16 | Build | House |
| 6:17 | Queue | Villager (Male) |
| 6:39 | Queue | Villager (Male) |
| 7:05 | Queue | Villager (Male) |
| 7:13 | Queue | Fishing Ship |
| 7:19 | Build | House |
| 7:25 | Queue | Villager (Male) |
| 7:44 | Queue | Fishing Ship |
| 7:52 | Queue | Villager (Male) |
| 8:10 | Queue | Villager (Male) |
| 8:22 | Queue | Villager (Male) |
| 8:25 | Queue | Fishing Ship |
| 8:49 | Queue | Villager (Male) |
| 9:21 | Queue | Fishing Ship |
| 9:34 | Build | Settlement |
| 9:38 | Research | Feudal Age |
| 10:05 | Queue | Fishing Ship |
| 11:43 | Queue | Villager (Male) |
| 11:48 | Age | Feudal Age |
| 11:50 | Build | Market |
| 11:51 | Build | Blacksmith |
| 12:10 | Queue | Villager (Male) |
| 12:24 | Queue | Fishing Ship |
| 12:27 | Build | House |
| 12:37 | Research | Castle Age |
| 12:38 | Research | Castle Age |
| 12:38 | Research | Castle Age |
| 12:50 | Build | Barracks |
| 13:18 | Build | House |
| 13:19 | Build | Palisade Wall |
| 13:23 | Research | Double-Bit Axe |
| 13:24 | Research | Horse Collar |
| 13:25 | Research | Loom |
| 13:48 | Build | Barracks |
| 14:15 | Research | Horse Collar |
| 14:20 | Research | Tech 1402 |
| 14:24 | Build | Barracks |
| 15:15 | Queue | Unit 2550 |
| 15:16 | Queue | Unit 2550 |
| 15:16 | Queue | Unit 2550 |
| 15:18 | Age | Castle Age |
| 15:23 | Build | Town Center |
| 15:37 | Queue | Villager (Male) |
| 15:39 | Queue | Unit 2550 |
| 15:39 | Queue | Unit 2550 |
| 15:39 | Queue | Unit 2550 |
| 16:13 | Queue | Villager (Male) |
| 16:15 | Queue | Unit 2550 |
| 16:16 | Queue | Unit 2550 |
Build order — xxxx
85 actions detected in the replay
| 0:02 | Queue | Villager (Male) |
| 0:02 | Queue | Villager (Male) |
| 0:07 | Build | House |
| 0:18 | Build | House |
| 0:40 | Queue | Villager (Male) |
| 0:52 | Queue | Villager (Male) |
| 0:53 | Queue | Villager (Male) |
| 1:37 | Queue | Villager (Male) |
| 2:14 | Queue | Villager (Male) |
| 2:34 | Build | Lumber Camp |
| 2:47 | Queue | Villager (Male) |
| 3:12 | Queue | Villager (Male) |
| 3:12 | Queue | Villager (Male) |
| 3:42 | Build | House |
| 4:06 | Queue | Villager (Male) |
| 4:06 | Queue | Villager (Male) |
| 4:06 | Queue | Villager (Male) |
| 4:30 | Queue | Villager (Male) |
| 4:30 | Queue | Villager (Male) |
| 4:43 | Queue | Villager (Male) |
| 5:28 | Build | Mill |
| 5:44 | Queue | Villager (Male) |
| 5:44 | Queue | Villager (Male) |
| 5:56 | Build | House |
| 6:10 | Queue | Villager (Male) |
| 6:51 | Queue | Villager (Male) |
| 7:02 | Queue | Villager (Male) |
| 7:15 | Queue | Villager (Male) |
| 7:41 | Build | House |
| 7:52 | Queue | Villager (Male) |
| 8:33 | Research | Feudal Age |
| 8:33 | Research | Feudal Age |
| 8:58 | Build | Barracks |
| 10:11 | Queue | Villager (Male) |
| 10:19 | Build | House |
| 10:38 | Build | Mill |
| 10:43 | Age | Feudal Age |
| 10:45 | Build | Stable |
| 11:05 | Queue | Villager (Male) |
| 11:39 | Queue | Villager (Male) |
| 11:49 | Queue | Scout Cavalry |
| 12:04 | Build | Blacksmith |
| 12:08 | Queue | Scout Cavalry |
| 12:18 | Queue | Villager (Male) |
| 12:20 | Queue | Villager (Male) |
| 12:28 | Queue | Scout Cavalry |
| 12:45 | Queue | Scout Cavalry |
| 12:52 | Build | Mining Camp |
| 12:56 | Research | Scale Barding Armor |
| 12:58 | Queue | Scout Cavalry |
| 13:10 | Build | House |
| 13:21 | Queue | Villager (Male) |
| 13:22 | Queue | Villager (Male) |
| 13:39 | Queue | Scout Cavalry |
| 13:40 | Queue | Villager (Male) |
| 13:52 | Build | Farm |
| 13:55 | Queue | Villager (Male) |
| 14:20 | Queue | Villager (Male) |
| 14:30 | Queue | Villager (Male) |
| 14:39 | Build | Palisade Wall |
| 14:52 | Queue | Scout Cavalry |
| 14:54 | Queue | Villager (Male) |
| 15:00 | Build | Dock |
| 15:05 | Build | Mill |
| 15:13 | Queue | Villager (Male) |
| 15:25 | Queue | Villager (Male) |
| 15:31 | Build | Farm |
| 15:32 | Queue | Villager (Male) |
| 15:57 | Build | House |
| 16:04 | Build | Palisade Gate |
| 16:33 | Build | Palisade Wall |
| 16:34 | Queue | Villager (Male) |
| 16:39 | Queue | Villager (Male) |
| 16:40 | Queue | Villager (Male) |
| 16:46 | Queue | Demolition Raft |
| 16:50 | Queue | Fishing Ship |
| 16:50 | Queue | Fishing Ship |
| 16:50 | Queue | Fishing Ship |
| 16:53 | Build | House |
| 17:09 | Queue | Villager (Male) |
| 17:21 | Build | Palisade Wall |
| 17:35 | Queue | Villager (Male) |
| 17:43 | Research | Double-Bit Axe |
| 17:44 | Queue | Villager (Male) |
| 18:02 | Queue | Villager (Male) |
Match timeline
| 4:14 | nachovigo5 · wall_segment Palisade Wall x26 |
| 5:34 | nachovigo5 · wall_segment Palisade Wall x28 |
| 6:15 | Yanny · first_building Dock |
| 6:28 | nachovigo5 · wall_segment Palisade Wall x1 |
| 6:28 | nachovigo5 · wall_segment Palisade Wall x1 |
| 6:29 | nachovigo5 · wall_segment Palisade Wall x1 |
| 6:30 | nachovigo5 · wall_segment Palisade Wall x1 |
| 6:31 | nachovigo5 · wall_segment Palisade Wall x1 |
| 7:34 | nachovigo5 · wall_segment Palisade Wall x9 |
| 8:58 | xxxx · first_building Barracks |
| 9:07 | nachovigo5 · wall_segment Palisade Wall x28 |
| 9:10 | nachovigo5 · wall_segment Palisade Wall x17 |
| 10:40 | nachovigo5 · first_building Barracks |
| 10:43 | xxxx · age_up feudal |
| 10:45 | xxxx · first_building Stable |
| 11:05 | ForzaGT87 · age_up feudal |
| 11:48 | Yanny · age_up feudal |
| 11:49 | OL Archemix · wall_segment Palisade Wall x1 |
| 11:53 | 聖君阿耀 · first_building Barracks |
| 12:37 | OL Archemix · first_building Stable |
| 12:50 | Yanny · first_building Barracks |
| 13:19 | Yanny · wall_segment Palisade Wall x1 |
| 13:56 | nachovigo5 · age_up feudal |
| 14:39 | xxxx · wall_segment Palisade Wall x7 |
| 14:40 | 聖君阿耀 · age_up feudal |
| 14:52 | 聖君阿耀 · first_building Stable |
| 14:54 | Cpl.Psnype.ANZACS.NZ · age_up feudal |
| 15:00 | xxxx · first_building Dock |
| 15:18 | Yanny · age_up castle |
| 15:50 | wolfinthewoods · first_building Barracks |
| 16:11 | ForzaGT87 · first_building Barracks |
| 16:30 | Cpl.Psnype.ANZACS.NZ · first_market_sell 100 wood |
| 16:32 | Cpl.Psnype.ANZACS.NZ · first_market_buy 100 food |
| 16:33 | xxxx · wall_segment Palisade Wall x10 |
| 17:20 | Yanny · resign |
| 17:21 | xxxx · wall_segment Palisade Wall x5 |
[ AI ANALYSIS · 1 CREDIT ]
What really happened in this match?
Wolo.gg analyzes every decision: build order, eco, micro, common mistakes by bracket. Personalized analysis on WhatsApp or Discord in 30 seconds.
Civ guide
Khmer
Perfil
OL Archemix